 Dungeon Crawl Stone Soup version 0.28-a0-909-g796cbd3a86 (webtiles) character file.

Game seed: 12456088520575796567

1757 oldmanjim the Cleaver (level 9, -6/78 HPs)
             Began as a Hill Orc Monk on Nov 24, 2021.
             Mangled by Harold (13 damage)
             ... on level 7 of the Dungeon.
             The game lasted 00:34:17 (7660 turns).

oldmanjim the Cleaver (Hill Orc Monk)               Turns: 7660, Time: 00:34:18

Health: -6/78      AC:  9    Str: 17    XL:     9   Next: 6%
Magic:  9/9        EV: 11    Int: 10    God:
Gold:   307        SH:  0    Dex: 13    Spells: 8/8 levels left

rFire   . . .      SeeInvis .   a - +1 hand axe (flame)
rCold   . . .      Faith    .   (no shield)
rNeg    . . .      Spirit   .   k - +0 ring mail
rPois   +          Reflect  .   u - +1 helmet
rElec   .          Harm     .   g - +0 cloak
rCorr   .          Rampage  .   (no gloves)
Will    .....                   (no boots)
Stlth   +.........              (no amulet)
HPRegen 0.23/turn               C - ring of poison resistance
MPRegen 0.11/turn               (no ring)

@: no status effects
A: no striking features
a: no special abilities


You were on level 7 of the Dungeon.
You visited 1 branch of the dungeon, and saw 7 of its levels.

You collected 307 gold pieces.

Inventory:

Hand Weapons
 a - a +1 hand axe of flaming (weapon)
 b - a +0 hunting sling
 G - a +0 hand crossbow
Missiles
 d - 268 stones
 j - 16 poisoned darts (quivered)
 n - 62 arrows
 o - a boomerang
 s - 17 sling bullets
 t - 57 bolts
 w - 5 datura-tipped darts
 F - a throwing net
Armour
 g - a +0 cloak (worn)
 k - a +0 ring mail (worn)
 u - a +1 helmet (worn)
 A - a +0 chain mail
Jewellery
 C - a ring of poison resistance (left hand)
Wands
 D - a wand of flame (11)
Scrolls
 i - a scroll of amnesia {unknown}
 m - a scroll of enchant armour
 q - a scroll of blinking
 r - 2 scrolls of teleportation
 v - a scroll of torment {unknown}
 x - a scroll of fear {unknown}
 y - a scroll of acquirement {unknown}
 z - a scroll of enchant weapon
Potions
 c - a potion of might {unknown}
 e - 3 potions of haste
 f - 2 potions of curing
 h - a potion of brilliance
 l - 2 potions of attraction
 p - 4 potions of flight
 B - a potion of heal wounds {unknown}
 E - a potion of lignification {unknown}


   Skills:
 + Level 6.8 Fighting
 - Level 12.0 Axes
 - Level 5.0 Armour
 - Level 2.4 Dodging
 - Level 1.5 Stealth
 + Level 2.3 Evocations


You had 8 spell levels left.
You didn't know any spells.
Your spell library contained the following spells:

 Spells                   Type           Power      Damage    Failure   Level
 Freeze                   Ice            0%         1d3       54%         1
 Frozen Ramparts          Ice            0%         1d2       89%         3
 Hailstorm                Conj/Ice       0%         3d3       100%        4


Dungeon Overview and Level Annotations

Branches:
Dungeon (7/15)
 Temple: D:4-7

Altars:
Cheibriados
Elyvilon

Shops:
D:5 =

Annotations:
D:3 Pikel
D:7 Harold


Message History

The scorpion is severely wounded.
The scorpion stings you but does no damage.
You completely miss the scorpion.
The scorpion is severely wounded.
You hit the scorpion. You burn the scorpion.
You kill the scorpion!
Harold zaps a wand.
The mass of ice explodes!
The iceblast engulfs you. Harold completely misses you.
You see here a scorpion corpse.
You hit Harold. You burn Harold.
Harold is lightly wounded.
Harold closely misses you.
You completely miss Harold.
Harold is lightly wounded.
You barely miss Harold.
Harold is lightly wounded.
Harold barely misses you.
You closely miss Harold.
Harold is lightly wounded.
Harold hits you with a +1 vorpal war axe!
You hit Harold. You burn Harold.
Harold is lightly wounded.
You hit Harold. You burn Harold.
Harold is lightly wounded.
Harold hits you with a +1 vorpal war axe.
You hit Harold but do no damage.
Harold is lightly wounded.
Harold hits you with a +1 vorpal war axe!
You are too injured to fight recklessly!
You are too injured to fight recklessly!
You completely miss Harold.
Harold is lightly wounded.
You slash Harold! You burn Harold.
Harold is moderately wounded.
Harold hits you with a +1 vorpal war axe!!
* * * LOW HITPOINT WARNING * * *
x2 You hit Harold.
You burn Harold.
Harold is moderately wounded.
Harold hits you with a +1 vorpal war axe!
You die...

#.# #.# #.##########
###.##........
#......######. #
#.#.##.# .# # ##...##.#
..##.
###....##.########......
'...............@@....(.
###.......########...###
# ##..##.## ..# #####.#
.# #.# # #. #. #.


You could see Harold.

Vanquished Creatures
  A water moccasin (D:6)
  4 black bears (D:5)
  A necrophage (D:5)
  4 ogres
  3 lemures (D:4)
  A kobold brigand (D:6)
  4 scorpions
  A water moccasin skeleton (D:4)
  A hound (D:4)
  2 centaur skeletons (D:6)
  A centaur zombie (D:5)
  2 bullfrog skeletons
  3 iguanas
  An orc wizard (D:3)
  A hound skeleton (D:4)
  Robin (D:3)
  8 gnolls
  6 adders
  A shadow imp (D:6)
  An ufetubus (D:5)
  2 worms
  6 dart slugs
  3 orcs (D:3)
  7 ball pythons
  5 endoplasms
  A giant cockroach (D:1)
  12 hobgoblins
  2 quokkas
  3 bats
  2 frilled lizards (D:2)
  11 goblins
  10 kobolds
  6 rats
117 creatures vanquished.

Notes
Turn   | Place    | Note
-------+----------+-------------------------------------------
     0 | D:1      | oldmanjim the Hill Orc Monk began the quest for the Orb.
     0 | D:1      | Reached XP level 1. HP: 19/19 MP: 1/1
   186 | D:1      | Reached XP level 2. HP: 21/27 MP: 2/2
   598 | D:1      | Reached skill level 5 in Axes
  1098 | D:1      | Reached XP level 3. HP: 31/33 MP: 3/3
  1594 | D:2      | Found a white marble altar of Elyvilon.
  1769 | D:2      | Reached skill level 6 in Axes
  1885 | D:2      | Reached XP level 4. HP: 40/40 MP: 4/4
  2854 | D:3      | Reached skill level 7 in Axes
  2875 | D:3      | Reached XP level 5. HP: 44/46 MP: 5/5
  2901 | D:3      | Noticed Robin
  2911 | D:3      | Killed Robin
  3599 | D:4      | Reached skill level 8 in Axes
  3609 | D:4      | Reached skill level 1 in Armour
  3609 | D:4      | Reached XP level 6. HP: 44/53 MP: 6/6
  3852 | D:4      | Noticed Pikel
  4679 | D:5      | Entered Level 5 of the Dungeon
  4699 | D:5      | Found Yvuis's Jewellery Shop.
  4742 | D:5      | Found a snail-covered altar of Cheibriados.
  4753 | D:5      | Reached skill level 5 in Fighting
  5034 | D:5      | Reached XP level 7. HP: 39/61 MP: 7/7
  5273 | D:5      | Reached skill level 9 in Axes
  5606 | D:5      | Reached skill level 10 in Axes
  5606 | D:5      | Reached XP level 8. HP: 58/68 MP: 8/8
  6095 | D:6      | Identified the +1 robe of Leapfrog {rCorr}
  6394 | D:6      | Reached skill level 11 in Axes
  6680 | D:6      | Reached skill level 5 in Armour
  7080 | D:6      | Reached skill level 12 in Axes
  7286 | D:6      | Reached skill level 1 in Evocations
  7372 | D:6      | Reached XP level 9. HP: 72/78 MP: 9/9
  7631 | D:7      | Noticed Harold
  7660 | D:7      | Mangled by Harold

Illustrated notes

Levels and vault maps discovered:
D:1:      erik_arrival_orb_chamber, layout_basic, minmay_domino_4
D:2:      layout_loops_corners, basic_altar,
          hangedman_abyss_or_decor_lesser_grid
D:3:      layout_basic, item_on_display_a, uniq_robin
D:4:      layout_gridville, uniq_pikel
D:5:      layout_basic, cheibriados_altar_1, serial_shops, nicolae_stop_n_shop_1
D:6:      layout_cave_pods, nicolae_benzene_ring
D:7:      nzn_winding_woodlands_cross [nzn_winding_woodlands_5x15_default,
          nzn_winding_woodlands_5x15_split_checker,
          nzn_winding_woodlands_5x15_longhouse,
          nzn_winding_woodlands_5x15_parted,
          nzn_winding_woodlands_15x15_five_gardens], layout_loops_corners,
          minmay_temple_entry_large_hall, st_stairs_2, uniq_harold

Skill      XL: |  1  2  3  4  5  6  7  8 |
---------------+-------------------------+-----
Fighting       | 4 5 6 |  6.8
Axes           | 5 6 7 8 10 12 | 12.0
Armour         | 1 3 4 5 |  5.0
Evocations     | 2 |  2.3
Dodging        | |  2.4
Stealth        | |  1.5

Action                   |  1- 3 |  4- 6 |  7- 9 || total
-------------------------+-------+-------+-------++-------
Melee: Hand axe          |    96 |   164 |   176 ||   436
 Fire: Hunting sling     |    11 |    41 |    47 ||    99
Throw: Dart              |       |    29 |    20 ||    49
  Use: Scroll            |       |     6 |     5 ||    11
 Stab: Sleeping          |     4 |       |       ||     4
Armor: Robe              |    11 |       |       ||    11
       Ring mail         |    27 |    51 |    76 ||   154
Dodge: Dodged            |    38 |    72 |    84 ||   194

Table legend: (Time is in decaauts)
 A = Elapsed time spent in this place.
 B = Non-inter-level travel time spent in this place.
 C = Inter-level travel time spent in this place.
 D = Time resting spent in this place.
 E = Time spent auto-exploring this place.
 F = Levels seen in this place.
 G = Mean time per level.
                   A        B        C        D        E       F      G
               +--------+--------+--------+--------+--------+-----+--------+
         Total |   7609 |   7202 |    407 |   1358 |   4649 |   7 | 1087.0 |
       Dungeon |   7609 |   7202 |    407 |   1358 |   4649 |   7 | 1087.0 |
               +--------+--------+--------+--------+--------+-----+--------+

Top non-repeatable levels by time:
     D:5: 1450 daAuts
     D:6: 1276 daAuts
     D:3: 1268 daAuts
     D:4: 1231 daAuts
     D:1: 1204 daAuts
     D:2: 1108 daAuts
     D:7: 71 daAuts
